 Dungeon Crawl Stone Soup version 0.16.2-12-gd0ad4c3 (webtiles) character file.

1613 faibistes the Thaumaturge (level 8, -3/46 HPs)
             Began as a Deep Elf Wizard on Jan 15, 2019.
             Killed from afar by an orc (21 damage)
             ... with a wand of fire
             ... on level 7 of the Dungeon.
             The game lasted 00:16:58 (6193 turns).

faibistes the Thaumaturge (Deep Elf Wizard)         Turns: 6193, Time: 00:16:58

Health: -3/46      AC:  4    Str:  4    XL:     8   Next: 64%
Magic:  28/28      EV: 15    Int: 26    God:
Gold:   273        SH:  0    Dex: 13    Spells: 6 memorised, 13 levels left

rFire  . . .     SeeInvis .     s - +2 short sword (drain)
rCold  . . .     Clarity  .     a - +0 robe
rNeg   . . .     SustAb   .     (no shield)
rPois  .         Gourm    .     b - +0 hat
rElec  .         Spirit   .     (no cloak)
rCorr  .         Warding  .     g - +1 pair of gloves
rMut   .         Stasis   .     (no boots)
MR     +....                    (no amulet)
Stlth  +++.......               i - ring of protection from magic
                                n - ring of stealth

@: repel missiles, somewhat resistant to hostile enchantments, fairly stealthy
A: no striking features
a: no special abilities


You were on level 7 of the Dungeon.
You were not hungry.

You visited 2 branches of the dungeon, and saw 8 of its levels.

You collected 273 gold pieces.

Inventory:

Hand weapons
 e - a +0 dagger
 s - a +2 short sword of draining (weapon)
Armour
 a - a +0 robe (worn)
 b - a +0 hat (worn)
 g - a +1 pair of gloves (worn)
Jewellery
 i - a ring of protection from magic (right hand)
 n - a ring of stealth (left hand)
Magical devices
 f - a wand of flame (22)
 u - a wand of flame (0)
Scrolls
 h - a scroll of magic mapping {unknown}
 k - 2 scrolls of identify
 o - a scroll of fog
 t - a scroll of enchant weapon
Potions
 l - 3 potions of heal wounds
 p - a potion of restore abilities
 w - a potion of cure mutation
Books
 c - a book of Minor Magic

   Spells                             Type                      Level
   a - Magic Dart                     Conjuration                  1
   b - Blink                          Translocation                2
   c - Call Imp                       Summoning                    2
   d - Repel Missiles                 Charms/Air                   2
   e - Slow                           Hexes                        2
   f - Conjure Flame                  Conjuration/Fire             3
   g - Mephitic Cloud                 Conjuration/Poison/Air       3
Comestibles
 d - 4 bread rations
 j - 2 chunks of flesh
 m - 5 fruits
 q - 3 meat rations
 x - 2 slices of pizza


   Skills:
 * Level 3.0 Fighting
 + Level 6.3 Dodging
 - Level 2.4 Stealth
 * Level 9.8 Spellcasting
 - Level 3.9 Conjurations
 - Level 1.1 Summonings
 - Level 4.0 Translocations
 + Level 3.1 Evocations


You had 13 spell levels left.
You knew the following spells:

 Your Spells              Type           Power        Failure   Level  Hunger
a - Magic Dart            Conj           ####         1%          1    None
b - Conjure Flame         Conj/Fire      ###.....     10%         3    None
c - Call Imp              Summ           ###.....     4%          2    None
d - Blink                 Tloc           N/A          1%          2    None
e - Mephitic Cloud        Conj/Pois/Air  ###.....     10%         3    None
f - Repel Missiles        Chrm/Air       ##....       10%         2    None


Dungeon Overview and Level Annotations

Branches:
Dungeon (7/15)             Temple (1/1) D:4

Altars:
Ashenzari
Cheibriados
Dithmenos
Elyvilon
Gozag
Nemelex Xobeh
Okawaru
Qazlal
Trog
Vehumet
Yredelemnul
Zin

Annotations:
D:5 Edmund


Message History

You can't see any susceptible monsters within range! (Use Z to cast anyway.) Unknown command.
Casting: Magic Dart
Confirm with . or Enter, or press ? or * to list all spells.
You can't see any susceptible monsters within range! (Use Z to cast anyway.) Unknown command.
Eat one of 3 chunks of flesh? (ye/n/q/i?) This raw flesh tastes terrible.
You continue eating. x2
Magic restored.
You start resting.
HP restored.
You climb downwards.
The gnoll hits you with a halberd!
The orc zaps a wand.
The bolt of fire misses you. The bolt of fire hits you!
The orc closely misses you.
There is a stone staircase leading up, spattered with blood here.
Unknown command.
The worker ant twitches its antennae in your direction.
The orc zaps a wand.
The bolt of fire hits you!
You die...

## . .. .. # #
.#.. # ##.#. .#.
.# #....## .. ..
a.....o#.#.#.#.
......ogo.......#
........@..#
.......o5..#
.......#..#
#....## ....
..^#. .#### . .
.. . .. ###


You could see a worker ant, an orc priest, a gnoll, a shadow imp and 3 orcs.

Vanquished Creatures
  Pikel (D:4)
  A centaur (D:5)
  2 slaves (D:4)
  An ice beast (D:5)
  A phantom (D:7)
  A sky beast (D:7)
  4 ogres
  A giant frog (D:6)
  A scorpion (D:5)
  An iguana (D:6)
  3 orc wizards (D:4)
  Natasha (thrice) (D:5)
  A hound (D:5)
  A worker ant (D:6)
  2 gnolls (D:6)
  8 adders
  3 worms
  An adder zombie (D:6)
  2 adder skeletons
  2 giant geckos
  9 orcs
  16 bats
  7 giant cockroaches
  10 goblins
  6 hobgoblins
  A jackal (D:5)
  8 kobolds
  2 quokkas (D:6)
  A ball python (D:3)
  A giant gecko zombie (D:6)
  5 giant newts
  A quokka skeleton (D:4)
  6 rats
  2 fungi (D:1)
115 creatures vanquished.

Vanquished Creatures (collateral kills)
  An orc (D:5)
1 creature vanquished.

Vanquished Creatures (others)
  2 slaves (D:5)
  2 giant frog skeletons (D:5)
  An ooze (D:5)
  A bat (D:5)
  2 goblins (D:5)
  A quokka (D:5)
  A rat (D:5)
10 creatures vanquished.

Grand Total: 126 creatures vanquished

Notes
Turn   | Place    | Note
--------------------------------------------------------------
     0 | D:1      | faibistes, the Deep Elf Wizard, began the quest for the Orb.
     0 | D:1      | Reached XP level 1. HP: 10/10 MP: 6/6
     7 | D:1      | You fall through a shaft!
   275 | D:2      | Reached XP level 2. HP: 15/15 MP: 0/10
   279 | D:2      | Learned a level 2 spell: Blink
   282 | D:2      | Learned a level 2 spell: Call Imp
   899 | D:2      | Found an iron altar of Okawaru.
   937 | D:2      | Reached skill level 5 in Spellcasting
  1008 | D:2      | Reached XP level 3. HP: 19/19 MP: 8/14
  1015 | D:2      | Learned a level 3 spell: Conjure Flame
  1019 | D:2      | Learned a level 3 spell: Mephitic Cloud
  2502 | D:3      | Found a radiant altar of Vehumet.
  2570 | D:3      | Found a shadowy altar of Dithmenos.
  2748 | D:3      | Reached XP level 4. HP: 24/24 MP: 7/17
  2756 | D:3      | Learned a level 2 spell: Repel Missiles
  3055 | D:4      | Noticed an ogre
  3088 | D:4      | Killed an ogre
  3088 | D:4      | Reached skill level 6 in Spellcasting
  3088 | D:4      | Reached XP level 5. HP: 26/28 MP: 1/20
  3336 | D:5      | Entered Level 5 of the Dungeon
  3336 | D:5      | Noticed Natasha
  3336 | D:5      | Noticed a sky beast
  3336 | D:5      | Noticed a centaur
  3394 | D:5      | Noticed Pikel
  3394 | D:5      | Noticed a slave
  3394 | D:5      | Noticed a slave
  3394 | D:5      | Noticed a slave
  3394 | D:5      | Noticed a slave
  3416 | D:4      | Killed a slave
  3421 | D:4      | Killed a slave
  3453 | D:4      | Killed Pikel
  3453 | D:4      | Reached skill level 8 in Spellcasting
  3453 | D:4      | Reached XP level 6. HP: 18/32 MP: 1/24
  3453 | D:4      | Reached XP level 7. HP: 20/36 MP: 1/26
  3599 | D:5      | Reached skill level 5 in Dodging
  3603 | D:5      | Killed Natasha
  3611 | D:5      | Noticed an ice beast
  3642 | D:5      | Noticed Natasha
  3648 | D:5      | Killed Natasha
  3682 | D:5      | HP: 1/36 [ice beast (14)]
  3983 | D:5      | Noticed an ogre
  3990 | D:5      | Killed an ogre
  4003 | D:5      | Noticed Edmund
  4016 | D:5      | Found a glowing silver altar of Zin.
  4026 | D:5      | Killed an ice beast
  4026 | D:5      | Reached skill level 1 in Fighting
  4026 | D:5      | Reached skill level 1 in Evocations
  4106 | D:5      | Noticed Natasha
  4440 | D:4      | Found a sparkling altar of Nemelex Xobeh.
  4594 | D:4      | Found a staircase to the Ecumenical Temple.
  4603 | Temple   | Entered the Ecumenical Temple
  4760 | D:4      | Noticed an ogre
  4763 | D:4      | Killed an ogre
  4763 | D:4      | Reached XP level 8. HP: 42/44 MP: 21/28
  4907 | D:5      | Killed Natasha
  4915 | D:5      | Killed a freed slave
  4933 | D:5      | Killed a centaur
  4933 | D:5      | Reached skill level 9 in Spellcasting
  4952 | D:5      | Killed a freed slave
  5422 | D:7      | Found a shattered altar of Ashenzari.
  6193 | D:7      | Killed from afar by an orc

Action                   |  1- 3 |  4- 6 |  7- 9 || total
-------------------------+-------+-------+-------++-------
Melee: Dagger            |    69 |       |       ||    69
       Short sword       |       |    20 |    32 ||    52
 Cast: Magic Dart        |   117 |    47 |   132 ||   296
       Conjure Flame     |       |     5 |     7 ||    12
       Mephitic Cloud    |       |     5 |    21 ||    26
       Repel Missiles    |       |     1 |     1 ||     2
       Blink             |       |     3 |    18 ||    21
       Call Imp          |       |       |     1 ||     1
Evoke: Wand              |       |       |     9 ||     9
  Use: Scroll            |     3 |     1 |     6 ||    10
 Stab: Confused          |       |     2 |     1 ||     3
  Eat: Chunk             |     6 |     2 |     7 ||    15
       Beef jerky        |       |       |     1 ||     1
